[Event "Rated Blitz game"]
[Site "?"]
[Date "2021.02.12"]
[Round "?"]
[White "tabacochanel"]
[Black "warredw"]
[Result "0-1"]
[ECO "C42"]
[WhiteElo "2289"]
[BlackElo "2465"]
[PlyCount "36"]
[EventDate "2021.??.??"]
[EventType "blitz"]
[TimeControl "180"]

1. e4 e5 2. Nf3 Nf6 3. Nxe5 d6 4. Nxf7 Kxf7 5. d4 Nxe4 6. Qh5+ g6 7. Qd5+ Kg7
8. Qxe4 Qe7 9. Nc3 c6 10. Qxe7+ Bxe7 11. d5 Bf6 12. Ne4 Re8 13. f3 cxd5 14. Bd3
dxe4 15. fxe4 Nc6 16. O-O Be6 17. Bf4 Be5 18. Bg5 Rf8 {Normal} 0-1

[Event "Rated Blitz game"]
[Site "?"]
[Date "2021.02.12"]
[Round "?"]
[White "wallie666"]
[Black "Chapaev_and_Pustota"]
[Result "1-0"]
[ECO "C42"]
[WhiteElo "2401"]
[BlackElo "2481"]
[PlyCount "25"]
[EventDate "2021.??.??"]
[EventType "blitz"]
[TimeControl "180"]

1. e4 e5 2. Nf3 Nf6 3. Nxe5 d6 4. Nxf7 Kxf7 5. d4 Be7 6. Nc3 Be6 7. f4 d5 8. f5
Bc8 9. e5 Bxf5 10. exf6 Bxf6 11. Be2 Nc6 12. O-O Ne5 13. dxe5 {Normal} 1-0

[Event "Rated Blitz game"]
[Site "?"]
[Date "2021.02.12"]
[Round "?"]
[White "HodorBauer"]
[Black "Chrobry1"]
[Result "1-0"]
[ECO "C42"]
[WhiteElo "2508"]
[BlackElo "2350"]
[PlyCount "45"]
[EventDate "2021.??.??"]
[EventType "blitz"]
[TimeControl "180+2"]

1. e4 e5 2. Nf3 Nf6 3. Nxe5 d6 4. Nxf7 Kxf7 5. Nc3 Be6 6. d4 Be7 7. Bd3 c6 8.
O-O Qc7 9. f4 Qb6 10. Ne2 Bg4 11. c3 d5 12. e5 Ne4 13. h3 Bxe2 14. Qxe2 Ng3 15.
Qg4 Nxf1 16. e6+ Ke8 17. Qxg7 Rf8 18. Kxf1 Na6 19. Bxh7 Nc7 20. f5 c5 21. Ke2
cxd4 22. Bg5 Qc6 23. Qxe7# {Normal} 1-0

[Event "Rated Blitz tournament V4REWc1G"]
[Site "?"]
[Date "2021.02.12"]
[Round "?"]
[White "Chessplayer88772211"]
[Black "M___Asss"]
[Result "1-0"]
[ECO "C42"]
[WhiteElo "2638"]
[BlackElo "2244"]
[PlyCount "85"]
[EventDate "2021.??.??"]
[EventType "blitz"]
[TimeControl "180"]

1. e4 e5 2. Nf3 Nf6 3. Nxe5 d6 4. Nxf7 Kxf7 5. d4 Nxe4 6. Qh5+ Ke7 7. Bc4 Be6
8. Bxe6 Kxe6 9. Qg4+ Kf7 10. Qxe4 Qe7 11. Qxe7+ Bxe7 12. O-O Bf6 13. c3 Nc6 14.
Be3 Rhe8 15. Nd2 Kg8 16. Rfe1 Ne7 17. Nf3 Nf5 18. Bd2 Kf7 19. Rxe8 Rxe8 20. Kf1
c5 21. dxc5 dxc5 22. Re1 Rd8 23. Bf4 h6 24. Be5 g5 25. Bxf6 Kxf6 26. h3 Rd5 27.
Ke2 Nd6 28. Rd1 Ke6 29. Rxd5 Kxd5 30. Kd3 Nc4 31. b3 Nd6 32. c4+ Ke6 33. Nd2
Ke5 34. Nf3+ Kf5 35. Ke3 h5 36. Nd2 a6 37. f3 Ke5 38. g4 hxg4 39. hxg4 b5 40.
Ne4 bxc4 41. Nxd6 cxb3 42. Nc4+ Kd5 43. axb3 {Normal} 1-0

[Event "Rated Blitz game"]
[Site "?"]
[Date "2021.02.12"]
[Round "?"]
[White "berval"]
[Black "Semenychev_Alexander"]
[Result "1-0"]
[ECO "C42"]
[WhiteElo "2502"]
[BlackElo "2448"]
[PlyCount "53"]
[EventDate "2021.??.??"]
[EventType "blitz"]
[TimeControl "180"]

1. e4 e5 2. Nf3 Nf6 3. Nxe5 d6 4. Nxf7 Kxf7 5. d4 c6 6. Nc3 Be6 7. f4 g6 8. Bd3
Bg7 9. e5 Nd5 10. Ne4 dxe5 11. Ng5+ Ke7 12. fxe5 Qc8 13. O-O Na6 14. a3 b5 15.
Ne4 h6 16. Nd6 Qd7 17. Bxg6 Rag8 18. Qh5 Kd8 19. Bd2 Kc7 20. b3 Bf8 21. c4 Nb6
22. cxb5 cxb5 23. Rac1+ Kb8 24. Bf7 Rg7 25. Bxe6 Qxe6 26. Rf6 Qd5 27. Qe8+ {
Normal} 1-0

[Event "Rated Blitz game"]
[Site "?"]
[Date "2021.02.11"]
[Round "?"]
[White "Avenger82"]
[Black "Fantastic_power06"]
[Result "1/2-1/2"]
[ECO "C42"]
[WhiteElo "2660"]
[BlackElo "2652"]
[PlyCount "127"]
[EventDate "2021.??.??"]
[EventType "blitz"]
[TimeControl "180"]

1. e4 e5 2. Nf3 Nf6 3. Nxe5 d6 4. Nxf7 Kxf7 5. d4 c5 6. dxc5 Be6 7. Nc3 Nc6 8.
cxd6 Qxd6 9. Bd3 Ne5 10. f4 Nxd3+ 11. cxd3 Bg4 12. Qb3+ Qe6 13. Qxb7+ Be7 14.
O-O Rhb8 15. Qc7 Rc8 16. Qe5 Kg8 17. Qxe6+ Bxe6 18. f5 Bf7 19. d4 Bb4 20. e5
Bxc3 21. bxc3 Nd5 22. e6 Be8 23. Bd2 Nxc3 24. Bxc3 Rxc3 25. d5 Rd8 26. Rfd1 Rd6
27. Rd4 Rc5 28. Rad1 Kf8 29. Kf2 Ke7 30. Kf3 h5 31. h3 h4 32. Rxh4 Rcxd5 33.
Rxd5 Rxd5 34. g4 Kf6 35. Rh8 Rd8 36. Kg3 g6 37. Rf8+ Ke7 38. f6+ Kxe6 39. Kh4
Rc8 40. f7 Ke7 41. Rxe8+ Rxe8 42. fxe8=Q+ Kxe8 43. Kg5 Kf7 44. h4 Kg7 45. a3
Kf7 46. Kh6 Kf6 47. g5+ Kf7 48. Kh7 a5 49. a4 Ke6 50. Kxg6 Kd5 51. h5 Kc4 52.
h6 Kb4 53. h7 Kxa4 54. h8=Q Kb4 55. Qa1 a4 56. Kf5 Kc5 57. g6 Kd6 58. g7 Ke7
59. g8=Q Kd6 60. Qga2 a3 61. Qxa3+ Kd7 62. Qd3+ Ke8 63. Qe5+ Kf7 64. Qd8 {
Normal} 1/2-1/2

[Event "Rated Blitz game"]
[Site "?"]
[Date "2021.02.11"]
[Round "?"]
[White "RussianBlizzard"]
[Black "Fantastic_power06"]
[Result "1-0"]
[ECO "C42"]
[WhiteElo "2666"]
[BlackElo "2668"]
[PlyCount "117"]
[EventDate "2021.??.??"]
[EventType "blitz"]
[TimeControl "180"]

1. e4 e5 2. Nf3 Nf6 3. Nxe5 d6 4. Nxf7 Kxf7 5. d4 c5 6. c3 Nc6 7. Bc4+ d5 8.
exd5 Na5 9. Be2 Qxd5 10. O-O Bf5 11. Be3 Nc4 12. Bf3 Qd7 13. Nd2 Nxd2 14. Qxd2
cxd4 15. Bxd4 Re8 16. Qg5 h6 17. Qf4 Bd6 18. Qd2 Qc7 19. h3 Rhf8 20. Bxf6 Kxf6
21. Qd4+ Be5 22. Qxa7 Re7 23. Qa4 Rfe8 24. Rfd1 Kg6 25. Qh4 Kh7 26. Bh5 Bf6 27.
Qa4 Re4 28. Qb3 R8e5 29. Bf3 Rf4 30. Rd5 Rxf3 31. gxf3 Bxh3 32. Qc2+ Bf5 33.
Qd2 Qf7 34. Rxe5 Qg6+ 35. Kf1 Bxe5 36. Ke2 Qe6 37. Qe3 Qc4+ 38. Ke1 Bf4 39. Qd4
Qe6+ 40. Kd1 Bg5 41. f4 Bf6 42. Qe3 Bg4+ 43. Kc2 Bf5+ 44. Kd2 Qd5+ 45. Ke2 Bg4+
46. f3 Bf5 47. b3 Qb5+ 48. c4 Qc6 49. Rd1 b5 50. c5 b4 51. Rd6 Qb5+ 52. Kf2 Bc3
53. Rd5 Bg6 54. f5 Bf7 55. Rd6 Bb2 56. f6 Bxf6 57. Kg2 Qxc5 58. Qxc5 Bg6 59.
Rd5 {Time forfeit} 1-0

[Event "Rated Blitz game"]
[Site "?"]
[Date "2021.02.11"]
[Round "?"]
[White "kasparik_garik"]
[Black "manhastamm"]
[Result "1-0"]
[ECO "C42"]
[WhiteElo "2579"]
[BlackElo "2448"]
[PlyCount "55"]
[EventDate "2021.??.??"]
[EventType "blitz"]
[TimeControl "180"]

1. e4 e5 2. Nf3 Nf6 3. Nxe5 d6 4. Nxf7 Kxf7 5. Nc3 d5 6. e5 Ne4 7. Qf3+ Ke8 8.
Nxe4 dxe4 9. Qxe4 Nc6 10. Bb5 a6 11. Ba4 Be6 12. c4 Bc5 13. Bxc6+ Kf8 14. Bd5
Qd7 15. d4 Bb4+ 16. Bd2 Bxd2+ 17. Kxd2 c6 18. Bxe6 Qxe6 19. Kc3 Rd8 20. Rad1 b5
21. d5 cxd5 22. cxd5 Qc8+ 23. Kb3 a5 24. a3 g6 25. Ka2 Kg7 26. e6 Rhe8 27. Rhe1
Re7 28. d6 {Normal} 1-0

[Event "Rated Blitz tournament A9nNNK3o"]
[Site "?"]
[Date "2021.02.11"]
[Round "?"]
[White "Schach_du_Nase"]
[Black "Roxor223"]
[Result "0-1"]
[ECO "C42"]
[WhiteElo "2487"]
[BlackElo "2378"]
[PlyCount "92"]
[EventDate "2021.??.??"]
[EventType "blitz"]
[TimeControl "300"]

1. e4 e5 2. Nf3 Nf6 3. Nxe5 d6 4. Nxf7 Kxf7 5. d4 g6 6. Nc3 Kg7 7. Bd3 c5 8. d5
Be7 9. O-O Na6 10. a3 Nc7 11. f4 Rf8 12. h3 b5 13. Qf3 b4 14. axb4 cxb4 15. Ne2
Nd7 16. Nd4 Ne5 17. Qe3 Nxd3 18. cxd3 Bd7 19. Nc6 Bxc6 20. dxc6 Nb5 21. d4 d5
22. f5 dxe4 23. Qh6+ Kg8 24. fxg6 Rxf1+ 25. Kxf1 Qf8+ 26. Qxf8+ Rxf8+ 27. Kg1
Nxd4 28. gxh7+ Kxh7 29. Rxa7 Nxc6 30. Rc7 Rf6 31. Bg5 Re6 32. Kf2 Kg6 33. Bxe7
Nxe7 34. Rc4 e3+ 35. Ke2 Nd5 36. g3 Rf6 37. Rd4 Rf2+ 38. Ke1 Rf5 39. Ke2 Kf6
40. h4 Rf2+ 41. Ke1 Ke5 42. Rg4 Rxb2 43. h5 Rh2 44. Rg5+ Ke4 45. Rg4+ Kd3 46.
Kf1 e2+ {Normal} 0-1

[Event "Rated Blitz game"]
[Site "?"]
[Date "2021.02.11"]
[Round "?"]
[White "soldier14"]
[Black "pete1988"]
[Result "0-1"]
[ECO "C42"]
[WhiteElo "2396"]
[BlackElo "2441"]
[PlyCount "72"]
[EventDate "2021.??.??"]
[EventType "blitz"]
[TimeControl "180"]

1. e4 e5 2. Nf3 Nf6 3. Nxe5 d6 4. Nxf7 Kxf7 5. Bc4+ d5 6. exd5 Bd6 7. O-O Re8
8. Nc3 Nbd7 9. h3 Nb6 10. Bb3 a5 11. a4 Kg8 12. d3 Bb4 13. Bg5 Kh8 14. Qf3 Qd6
15. Bxf6 Qxf6 16. Qxf6 gxf6 17. Ne4 Kg7 18. c3 Bd6 19. Nxd6 cxd6 20. d4 Bd7 21.
g4 Re2 22. Rfb1 Rae8 23. Kg2 Rd2 24. Rd1 Rxb2 25. Rdb1 Ree2 26. Rxb2 Rxb2 27.
Bd1 Nxd5 28. Bf3 Nxc3 29. Bxb7 Bxa4 30. Re1 Ne2 31. Ba6 Bc6+ 32. Kf1 Nxd4 33.
Re7+ Kg6 34. Bd3+ Kg5 35. Rg7+ Kf4 36. Rxh7 Rd2 {Normal} 0-1

[Event "Rated Blitz tournament OqqI2Bsf"]
[Site "?"]
[Date "2021.02.10"]
[Round "?"]
[White "Donkey006"]
[Black "JohanDerksen"]
[Result "0-1"]
[ECO "C42"]
[WhiteElo "2444"]
[BlackElo "2530"]
[PlyCount "74"]
[EventDate "2021.??.??"]
[EventType "blitz"]
[TimeControl "180+2"]

1. e4 e5 2. Nf3 Nf6 3. Nxe5 d6 4. Nxf7 Kxf7 5. Bc4+ Be6 6. Bxe6+ Kxe6 7. O-O
Be7 8. d4 Rf8 9. Nc3 Kf7 10. f4 Kg8 11. e5 dxe5 12. fxe5 Nd5 13. Ne4 Rxf1+ 14.
Qxf1 Qf8 15. Qe2 Nc6 16. c3 Qf5 17. Ng3 Qe6 18. Bd2 Rf8 19. Rf1 Rxf1+ 20. Nxf1
Nb6 21. b3 Nd8 22. c4 Nd7 23. Bc3 c6 24. Ng3 Nf7 25. Nh5 Nf8 26. Nf4 Qf5 27. g3
Ne6 28. d5 Nxf4 29. gxf4 Bc5+ 30. Kh1 Qxf4 31. e6 Ng5 32. b4 Be7 33. Be5 Qe4+
34. Qxe4 Nxe4 35. Kg2 cxd5 36. cxd5 Bxb4 37. Kf3 Nd6 {Normal} 0-1

[Event "Rated Blitz game"]
[Site "?"]
[Date "2021.02.10"]
[Round "?"]
[White "KK042"]
[Black "Prayer791"]
[Result "1-0"]
[ECO "C42"]
[WhiteElo "2483"]
[BlackElo "2521"]
[PlyCount "51"]
[EventDate "2021.??.??"]
[EventType "blitz"]
[TimeControl "180"]

1. e4 e5 2. Nf3 Nf6 3. Nxe5 d6 4. Nxf7 Kxf7 5. Nc3 Be6 6. d4 g6 7. d5 Bc8 8. f3
Bg7 9. h4 Rf8 10. Bg5 h6 11. Be3 Kg8 12. Qd2 Kh7 13. O-O-O Nbd7 14. g4 Ng8 15.
f4 Ndf6 16. g5 Ng4 17. Bd3 Nxe3 18. Qxe3 Bg4 19. Rdg1 h5 20. Rxg4 hxg4 21. h5
Bxc3 22. bxc3 Kg7 23. Qd4+ Kf7 24. hxg6+ Ke8 25. Bb5+ c6 26. dxc6 {Normal} 1-0

[Event "Rated Blitz game"]
[Site "?"]
[Date "2021.02.10"]
[Round "?"]
[White "guesitos"]
[Black "unknown-maestro_2450"]
[Result "0-1"]
[ECO "C42"]
[WhiteElo "2633"]
[BlackElo "2585"]
[PlyCount "164"]
[EventDate "2021.??.??"]
[EventType "blitz"]
[TimeControl "180"]

1. e4 e5 2. Nf3 Nf6 3. Nxe5 d6 4. Nxf7 Kxf7 5. Bc4+ d5 6. exd5 Bd6 7. Nc3 Re8+
8. Be2 Bg4 9. O-O Bxe2 10. Nxe2 Nxd5 11. d4 Kg8 12. c4 Nf6 13. h3 Nc6 14. c5
Bf8 15. Qb3+ Kh8 16. Be3 Qd5 17. Qxb7 Nxd4 18. Qa6 Nxe2+ 19. Qxe2 Bxc5 20. Rad1
Qxa2 21. Qc2 Bxe3 22. fxe3 Qe6 23. Rd3 Rad8 24. Ra3 Qe4 25. Qxc7 Rd2 26. Qg3
Rd7 27. Rfa1 Qe7 28. Rf1 h6 29. Rc1 Rd5 30. Rc7 Rd1+ 31. Kh2 Qe5 32. Rxg7 Qxg3+
33. Rxg3 Rd7 34. Rg6 Nd5 35. Rxh6+ Kg7 36. Rha6 Ree7 37. e4 Nf6 38. e5 Nd5 39.
R3a5 Nf4 40. Ra4 Nd3 41. Rg4+ Kh7 42. e6 Rb7 43. Rd6 Ne5 44. Re4 Ng6 45. b4 Kg7
46. h4 Rb5 47. g4 Rb6 48. Rxb6 axb6 49. h5 Nf8 50. Kg3 Nxe6 51. Kh4 Kf7 52. g5
Rc7 53. h6 Rc1 54. Rxe6 Rh1+ 55. Kg4 Kxe6 56. g6 Kf6 57. g7 Kf7 58. Kg5 Kg8 59.
Kg6 Rg1+ 60. Kf6 Kh7 61. Ke6 Rg6+ 62. Kd5 Rxh6 63. g8=Q+ Kxg8 64. Kc4 Kf7 65.
Kb5 Ke7 66. Ka6 Kd7 67. Kb7 Kd8 68. b5 Kd7 69. Ka6 Rg6 70. Ka7 Kd6 71. Ka6 Kc5
72. Kb7 Kxb5 73. Ka7 Rg5 74. Kb8 Rg7 75. Kc8 Kc6 76. Kd8 b5 77. Ke8 b4 78. Kf8
Rc7 79. Ke8 b3 80. Kd8 b2 81. Ke8 b1=Q 82. Kf8 Qb8# {Normal} 0-1

[Event "Rated Blitz game"]
[Site "?"]
[Date "2021.02.10"]
[Round "?"]
[White "soldier14"]
[Black "Semenychev_Alexander"]
[Result "0-1"]
[ECO "C42"]
[WhiteElo "2402"]
[BlackElo "2404"]
[PlyCount "64"]
[EventDate "2021.??.??"]
[EventType "blitz"]
[TimeControl "180"]

1. e4 e5 2. Nf3 Nf6 3. Nxe5 d6 4. Nxf7 Kxf7 5. d4 c6 6. Nc3 Be7 7. Bd3 Re8 8.
O-O Kg8 9. f4 Bg4 10. Qe1 h6 11. h3 Bh5 12. g4 Bf7 13. e5 Bf8 14. Qg3 Nd5 15.
f5 dxe5 16. dxe5 Bc5+ 17. Kh2 b5 18. Nxd5 Bxd5 19. Bf4 Nd7 20. Rae1 Be7 21. f6
gxf6 22. Qh4 Bf8 23. Bxh6 Qc7 24. Bf4 Nxe5 25. Qxf6 Bg7 26. Bxe5 Rxe5 27. Qf4
Rae8 28. Kg1 Qb6+ 29. Qf2 Rxe1 30. Rxe1 Rxe1+ 31. Bf1 Bc4 32. Qxb6 Rxf1+ {
Normal} 0-1

[Event "Rated Blitz game"]
[Site "?"]
[Date "2021.02.10"]
[Round "?"]
[White "KK042"]
[Black "Prayer791"]
[Result "1-0"]
[ECO "C42"]
[WhiteElo "2484"]
[BlackElo "2519"]
[PlyCount "103"]
[EventDate "2021.??.??"]
[EventType "blitz"]
[TimeControl "180"]

1. e4 e5 2. Nf3 Nf6 3. Nxe5 d6 4. Nxf7 Kxf7 5. Nc3 Be6 6. d4 g6 7. d5 Bc8 8.
Bg5 h6 9. Bh4 Bg7 10. f3 a6 11. a4 Rf8 12. Qd2 Nbd7 13. g4 Kg8 14. O-O-O Ne5
15. Be2 b5 16. Rhg1 g5 17. Bg3 b4 18. Nb1 a5 19. h4 Nh7 20. hxg5 hxg5 21. Rdf1
Qf6 22. c3 Ng6 23. Rh1 Bd7 24. Bf2 Bxa4 25. Bd4 Qf4 26. Be3 Qe5 27. Rxh7 Kxh7
28. Bxg5 Rab8 29. f4 Qxe4 30. Bd3 bxc3 31. Nxc3 Qb4 32. Rh1+ Kg8 33. Bxg6 Bxc3
34. Qxc3 Qxc3+ 35. bxc3 Bb3 36. Bh7+ Kg7 37. Bh6+ Kxh7 38. Bxf8+ Kg6 39. Bh6
Bxd5 40. f5+ Kf7 41. Re1 Re8 42. Rxe8 Kxe8 43. g5 Be4 44. f6 Bg6 45. Kb2 Kd7
46. Ka3 Kc6 47. Ka4 Kb6 48. Bf8 Bc2+ 49. Ka3 Kb5 50. Be7 Bg6 51. Kb3 a4+ 52.
Ka3 {Time forfeit} 1-0

[Event "Rated Blitz game"]
[Site "?"]
[Date "2021.02.10"]
[Round "?"]
[White "Maurice93"]
[Black "SoulOfDarkness02"]
[Result "1-0"]
[ECO "C42"]
[WhiteElo "2447"]
[BlackElo "2360"]
[PlyCount "69"]
[EventDate "2021.??.??"]
[EventType "blitz"]
[TimeControl "180"]

1. e4 e5 2. Nf3 Nf6 3. Nxe5 d6 4. Nxf7 Kxf7 5. d4 c5 6. Bc4+ Ke8 7. O-O cxd4 8.
c3 d3 9. Qxd3 Nc6 10. Bb3 Be7 11. Re1 Ne5 12. Qg3 Nh5 13. Qe3 Rf8 14. Nd2 Ng4
15. Qh3 g6 16. Qd3 Nxf2 17. Qb5+ Bd7 18. Qxb7 Nd3 19. Rf1 Rxf1+ 20. Nxf1 Nxc1
21. Rxc1 Qb6+ 22. Qxb6 axb6 23. Rd1 Bc6 24. Rd4 Ra5 25. Ne3 Nf6 26. Nc4 Ra6 27.
Nxd6+ Kf8 28. e5 Nd7 29. Rf4+ Nf6 30. Nc4 g5 31. Rf1 Kg7 32. exf6+ Bxf6 33. Ne3
Kg6 34. Bc2+ Kf7 35. Ng4 {Normal} 1-0

[Event "Rated Blitz game"]
[Site "?"]
[Date "2021.02.09"]
[Round "?"]
[White "soldier14"]
[Black "Prayer791"]
[Result "0-1"]
[ECO "C42"]
[WhiteElo "2390"]
[BlackElo "2514"]
[PlyCount "64"]
[EventDate "2021.??.??"]
[EventType "blitz"]
[TimeControl "180"]

1. e4 e5 2. Nf3 Nf6 3. Nxe5 d6 4. Nxf7 Kxf7 5. d4 Be6 6. Nc3 g6 7. f4 Bg7 8.
Bd3 Re8 9. O-O Kg8 10. h3 c5 11. dxc5 dxc5 12. e5 Nd5 13. Ne4 Qe7 14. a3 Nc6
15. Nd6 Rf8 16. Be4 Nb6 17. c3 Rad8 18. Qe1 Nc8 19. Nxc8 Rxc8 20. Be3 Na5 21.
Rd1 Nc4 22. Bc1 b5 23. Qe2 a6 24. Kh2 Kh8 25. g4 Nxe5 26. fxe5 Bxe5+ 27. Kh1
Qh4 28. Qg2 Bc4 29. Rxf8+ Rxf8 30. Be3 Be2 31. Bxc5 Rf4 32. Re1 Qxe1+ {Normal}
0-1

[Event "Rated Blitz game"]
[Site "?"]
[Date "2021.02.09"]
[Round "?"]
[White "Memorantom"]
[Black "Betonschach1"]
[Result "1-0"]
[ECO "C42"]
[WhiteElo "2261"]
[BlackElo "2401"]
[PlyCount "27"]
[EventDate "2021.??.??"]
[EventType "blitz"]
[TimeControl "300"]

1. e4 e5 2. Nf3 Nf6 3. Nxe5 d6 4. Nxf7 Kxf7 5. d4 c5 6. Bc4+ Be6 7. d5 Bg4 8.
f3 Bh5 9. O-O Nbd7 10. Nc3 Ne5 11. Be2 Be7 12. g4 Rf8 13. gxh5 Nxh5 14. f4 {
Normal} 1-0

[Event "Rated Blitz game"]
[Site "?"]
[Date "2021.02.08"]
[Round "?"]
[White "Chessibague"]
[Black "readycash"]
[Result "0-1"]
[ECO "C42"]
[WhiteElo "2455"]
[BlackElo "2525"]
[PlyCount "76"]
[EventDate "2021.??.??"]
[EventType "blitz"]
[TimeControl "180"]

1. e4 e5 2. Nf3 Nf6 3. Nxe5 d6 4. Nxf7 Kxf7 5. Nc3 c5 6. Bc4+ d5 7. exd5 Bd6 8.
O-O Re8 9. d3 Kg8 10. a4 Bg4 11. f3 Bh5 12. Bg5 a6 13. Ne4 Be5 14. c3 Nbd7 15.
Qb3 b6 16. f4 Bb8 17. Rae1 Bf7 18. d6 Bxc4 19. Qxc4+ Kh8 20. a5 b5 21. Qf7 Rf8
22. Qe7 Qxe7 23. dxe7 Re8 24. Bxf6 gxf6 25. Ng3 Bc7 26. Nf5 Kg8 27. b4 Kf7 28.
g3 cxb4 29. cxb4 Rac8 30. Re4 h5 31. Rfe1 Kg6 32. Nh4+ Kf7 33. Re6 Be5 34. Rxa6
Bc3 35. Ree6 Bxb4 36. Nf5 Nc5 37. Nd6+ Kxe6 38. Nxc8+ Nxa6 {Normal} 0-1

[Event "Rated Blitz game"]
[Site "?"]
[Date "2021.02.08"]
[Round "?"]
[White "SFA_Gang"]
[Black "MrSOK"]
[Result "1-0"]
[ECO "C42"]
[WhiteElo "2536"]
[BlackElo "2539"]
[PlyCount "105"]
[EventDate "2021.??.??"]
[EventType "blitz"]
[TimeControl "180"]

1. e4 e5 2. Nf3 Nf6 3. Nxe5 d6 4. Nxf7 Kxf7 5. d4 Nxe4 6. Qh5+ g6 7. Qd5+ Be6
8. Qxe4 d5 9. Qf4+ Kg8 10. Qg3 Nc6 11. c3 Bd6 12. Bf4 Bxf4 13. Qxf4 Kg7 14. Be2
Rf8 15. Qg3 Rf7 16. Nd2 Qf6 17. Nf1 Raf8 18. Bf3 Ne7 19. Ne3 Nf5 20. Nxf5+ Qxf5
21. O-O c6 22. Rfe1 Bc8 23. Qe5+ Qxe5 24. Rxe5 Rf5 25. Rae1 Rxe5 26. Rxe5 Kf6
27. h4 Bd7 28. a3 Rf7 29. Kh2 Re7 30. Rxe7 Kxe7 31. Kg3 Kf6 32. Kf4 h6 33. g3
g5+ 34. hxg5+ hxg5+ 35. Ke3 b6 36. Bg2 a5 37. f4 gxf4+ 38. Kxf4 Be6 39. g4 Bg8
40. Bf1 Bh7 41. g5+ Ke6 42. Bh3+ Kd6 43. Bf5 Bg8 44. g6 c5 45. Bc2 b5 46. Bd3
b4 47. Bb5 bxa3 48. bxa3 cxd4 49. cxd4 Ke6 50. Kg5 Ke7 51. Kf5 Be6+ 52. Ke5 Bg8
53. Bc6 {Normal} 1-0

[Event "Rated Blitz game"]
[Site "?"]
[Date "2021.02.07"]
[Round "?"]
[White "HodorBauer"]
[Black "Roxor223"]
[Result "0-1"]
[ECO "C42"]
[WhiteElo "2441"]
[BlackElo "2350"]
[PlyCount "38"]
[EventDate "2021.??.??"]
[EventType "blitz"]
[TimeControl "180+2"]

1. e4 e5 2. Nf3 Nf6 3. Nxe5 d6 4. Nxf7 Kxf7 5. Nc3 g6 6. Bc4+ Kg7 7. d4 Nc6 8.
O-O Be7 9. f4 Bg4 10. Qd3 Rf8 11. h3 d5 12. Nxd5 Nxd5 13. Bxd5 Nb4 14. Qb3 Be2
15. Bxb7 Bxf1 16. Bxa8 Qxa8 17. Qe6 Qd8 18. c3 Nc2 19. Kxf1 Nxa1 {Normal} 0-1

[Event "Rated Blitz tournament hONhNQkS"]
[Site "?"]
[Date "2021.02.07"]
[Round "?"]
[White "josefghng"]
[Black "ChrisJunker"]
[Result "1-0"]
[ECO "C42"]
[WhiteElo "2414"]
[BlackElo "2209"]
[PlyCount "33"]
[EventDate "2021.??.??"]
[EventType "blitz"]
[TimeControl "180+2"]

1. e4 e5 2. Nf3 Nf6 3. Nxe5 d6 4. Nxf7 Kxf7 5. Bc4+ d5 6. Bb3 Bd6 7. d4 Re8 8.
Nc3 c6 9. e5 Bxe5 10. dxe5 Rxe5+ 11. Ne2 Bg4 12. f3 Bh5 13. O-O Qb6+ 14. Kh1
Nbd7 15. Nf4 Bg6 16. c4 d4 17. c5+ {Normal} 1-0

[Event "Rated Blitz game"]
[Site "?"]
[Date "2021.02.07"]
[Round "?"]
[White "LudovicM59"]
[Black "Sjaakmatinone"]
[Result "1-0"]
[ECO "C42"]
[WhiteElo "2418"]
[BlackElo "2281"]
[PlyCount "49"]
[EventDate "2021.??.??"]
[EventType "blitz"]
[TimeControl "180"]

1. e4 e5 2. Nf3 Nf6 3. Nxe5 d6 4. Nxf7 Kxf7 5. Nc3 Be6 6. d4 Be7 7. d5 Bg4 8.
f3 Bh5 9. Bc4 Re8 10. O-O Kg8 11. e5 Nfd7 12. e6 Ne5 13. Bb3 Rf8 14. Qe1 Na6
15. f4 Ng4 16. h3 Bh4 17. g3 Nh6 18. gxh4 Nf5 19. Ne4 Nxh4 20. Ng5 Ng6 21. f5
Ne5 22. Bf4 Nc5 23. Kh2 h6 24. Bxe5 Qxg5 25. Rg1 {Normal} 1-0

[Event "Rated Blitz tournament xMYpXHZo"]
[Site "?"]
[Date "2021.02.07"]
[Round "?"]
[White "Salvaged_Dirt"]
[Black "Zeveraar-Glen"]
[Result "1-0"]
[ECO "C42"]
[WhiteElo "2442"]
[BlackElo "2514"]
[PlyCount "55"]
[EventDate "2021.??.??"]
[EventType "blitz"]
[TimeControl "180+2"]

1. e4 e5 2. Nf3 Nf6 3. Nxe5 d6 4. Nxf7 Kxf7 5. d4 c5 6. Nc3 cxd4 7. Qxd4 Nc6 8.
Bc4+ Be6 9. Bxe6+ Kxe6 10. Qc4+ Kd7 11. Bg5 Be7 12. O-O-O Rc8 13. Bxf6 Bxf6 14.
Nd5 Be5 15. f4 Bf6 16. e5 Nxe5 17. Qb5+ Nc6 18. Qxb7+ Rc7 19. Nxc7 Qxc7 20. Qb5
Rb8 21. Qf5+ Kd8 22. c3 Nb4 23. Rxd6+ Qxd6 24. Rd1 Nxa2+ 25. Kc2 Nb4+ 26. cxb4
Rb6 27. Rxd6+ Rxd6 28. Qa5+ {Normal} 1-0

[Event "Rated Blitz game"]
[Site "?"]
[Date "2021.02.07"]
[Round "?"]
[White "berval"]
[Black "africanmorphy"]
[Result "1-0"]
[ECO "C42"]
[WhiteElo "2479"]
[BlackElo "2429"]
[PlyCount "25"]
[EventDate "2021.??.??"]
[EventType "blitz"]
[TimeControl "180"]

1. e4 e5 2. Nf3 Nf6 3. Nxe5 d6 4. Nxf7 Kxf7 5. d4 Be7 6. Nc3 Rf8 7. Bc4+ d5 8.
Nxd5 Be6 9. Nxf6 Bxc4 10. Ng4 Nc6 11. d5 h5 12. Ne3 Na5 13. Bd2 {Normal} 1-0

[Event "Rated Blitz game"]
[Site "?"]
[Date "2021.02.06"]
[Round "?"]
[White "Dmitry_Gritsenko"]
[Black "darthpetrov2000"]
[Result "1-0"]
[ECO "C42"]
[WhiteElo "2471"]
[BlackElo "2536"]
[PlyCount "49"]
[EventDate "2021.??.??"]
[EventType "blitz"]
[TimeControl "180"]

1. e4 e5 2. Nf3 Nf6 3. Nxe5 d6 4. Nxf7 Kxf7 5. d4 c5 6. Nc3 cxd4 7. Bc4+ Be6 8.
Bxe6+ Kxe6 9. Qxd4 Qc8 10. Bf4 Kf7 11. O-O-O Nc6 12. Qc4+ Qe6 13. Qb5 Rb8 14.
Rhe1 Be7 15. e5 dxe5 16. Bxe5 Rbe8 17. Bxf6 Qxf6 18. Qb3+ Kg6 19. Re6 Rhf8 20.
Ne4 Qxe6 21. Qxe6+ Bf6 22. Qg4+ Kf7 23. Rd7+ Re7 24. Nd6+ Kg8 25. Qc4+ {Normal}
1-0

[Event "Rated Blitz game"]
[Site "?"]
[Date "2021.02.05"]
[Round "?"]
[White "Carlseng"]
[Black "darthpetrov2000"]
[Result "1-0"]
[ECO "C42"]
[WhiteElo "2423"]
[BlackElo "2535"]
[PlyCount "33"]
[EventDate "2021.??.??"]
[EventType "blitz"]
[TimeControl "180"]

1. e4 e5 2. Nf3 Nf6 3. Nxe5 d6 4. Nxf7 Kxf7 5. Bc4+ d5 6. exd5 Bd6 7. O-O Rf8
8. d4 Kg8 9. Bb3 Nbd7 10. c4 b6 11. Nc3 Kh8 12. Nb5 Ba6 13. Nxd6 cxd6 14. Bf4
Nxd5 15. Bxd6 Ne7 16. Re1 Rf7 17. c5 {Normal} 1-0

[Event "Rated Blitz game"]
[Site "?"]
[Date "2021.02.05"]
[Round "?"]
[White "piscatorox"]
[Black "VigiliusHaufniensis"]
[Result "1-0"]
[ECO "C42"]
[WhiteElo "2417"]
[BlackElo "2304"]
[PlyCount "55"]
[EventDate "2021.??.??"]
[EventType "blitz"]
[TimeControl "180"]

1. e4 e5 2. Nf3 Nf6 3. Nxe5 d6 4. Nxf7 Kxf7 5. Nc3 Be7 6. Bc4+ Be6 7. Bxe6+
Kxe6 8. d4 Re8 9. f4 Kf7 10. e5 dxe5 11. fxe5 Nd5 12. Qf3+ Kg8 13. Qxd5+ Kh8
14. O-O Nc6 15. Be3 Bg5 16. Bf2 Qe7 17. Qe4 Rad8 18. Rad1 Rf8 19. a3 Rf4 20.
Qe2 Nxd4 21. Bxd4 Rfxd4 22. Rxd4 Rxd4 23. e6 Rd6 24. Rf7 Qe8 25. Rxc7 Rxe6 26.
Qf3 Rf6 27. Qe2 Qxe2 28. Rc8+ {Normal} 1-0

[Event "Rated Blitz game"]
[Site "?"]
[Date "2021.02.04"]
[Round "?"]
[White "soldier14"]
[Black "LarsenMagnus"]
[Result "0-1"]
[ECO "C42"]
[WhiteElo "2414"]
[BlackElo "2488"]
[PlyCount "71"]
[EventDate "2021.??.??"]
[EventType "blitz"]
[TimeControl "180"]

1. e4 e5 2. Nf3 Nf6 3. Nxe5 d6 4. Nxf7 Kxf7 5. Bc4+ Be6 6. Bxe6+ Kxe6 7. O-O g6
8. Nc3 Bg7 9. f4 Re8 10. f5+ Kf7 11. fxg6+ hxg6 12. d3 Kg8 13. Bg5 Nbd7 14. Qf3
c6 15. Qg3 Re6 16. Rf3 Ne5 17. Rf2 Neg4 18. Rf4 Qb6+ 19. Kh1 Qxb2 20. Raf1 Qxc3
21. h3 Qe5 22. Rxg4 Nxg4 23. Qxg4 Rf8 24. Rxf8+ Kxf8 25. Bf4 Qa1+ 26. Kh2 Kf7
27. h4 Be5 28. h5 Bxf4+ 29. Qxf4+ Qf6 30. Qh6 Qe5+ 31. Kg1 Qxh5 32. Qf4+ Rf6
33. Qe3 Qc5 34. d4 Qxc2 35. Qb3+ Qxb3 36. axb3 {Normal} 0-1